 Dungeon Crawl Stone Soup version 0.31-a0-1111-ga3525b893c (webtiles) character file.

Game seed: 5452488586972682624

92892 inmateoo the Slicer (level 16, -8/127 HPs)
             Began as a Gnoll Fighter on Dec 4, 2023.
             Was the Champion of Cheibriados.
             Mangled by a reaper
             ... wielding a +2 scythe of freezing
              (32 damage)
             ... in an ice cave.
             The game lasted 00:29:48 (18439 turns).

inmateoo the Slicer (Gnoll Fighter)                Turns: 18439, Time: 00:29:49

Health: -8/127     AC: 24    Str: 32    XL:     16   Next: 7%
Magic:  25/30      EV: 23    Int: 28    God:    Cheibriados [******]
Gold:   1319       SH: 10    Dex: 35    Spells: 24/35 levels left

rFire   + + .        O - +9 scimitar (flame)
rCold   + . .        R - +0 buckler {reflect}
rNeg    . . .        C - +7 scale mail of the Devil's Advocate {Dex+3}
rPois   +            r - +2 helmet {SInv}
rElec   .            S - +0 cloak "Seishef" {Drain rF++ Dex+4}
rCorr   .            (no gloves)
SInv    +            U - +2 pair of boots
Will    +....        P - amulet of regeneration
Stlth   ++++         x - ring of poison resistance
HPRegen 1.21/turn    A - ring of protection from cold
MPRegen 0.22/turn

%: reflection
@: about to teleport, studying Short Blades, very slow
A: fangs 1, strong nose, distributed training
a: Renounce Religion, Bend Time, Temporal Distortion, Slouch, Step From Time


You were in an ice cave.
You worshipped Cheibriados.
Cheibriados was exalted by your worship.
You visited 3 branches of the dungeon, and saw 20 of its levels.
You also visited: Bailey, Gauntlet, Ice Cave and Volcano.

You collected 1857 gold pieces.
You spent 538 gold pieces at shops.

Inventory:

Hand Weapons
 b - the +4 war axe of Accord {vamp, rF+}
   (You found it on level 11 of the Dungeon)

   rF+:       It protects you from fire.
 O - a +9 scimitar of flaming (weapon)
Missiles
 a - 13 curare-tipped darts (quivered)
 t - 18 boomerangs
 u - 8 javelins
 T - 6 silver javelins
Armour
 f - a +2 robe of willpower
 r - a +2 helmet of see invisible (worn)
 C - the +7 scale mail of the Devil's Advocate (worn) {Dex+3}
   (You took it off a gnoll sergeant on level 5 of the Dungeon)

   Dex+3:     It affects your dexterity (+3).
 R - a +0 buckler of reflection (worn)
 S - the +0 cloak "Seishef" (worn) {Drain rF++ Dex+4}
   (You found it in a Gauntlet)

   Dex+4:     It affects your dexterity (+4).
   rF++:      It greatly protects you from fire.
   Drain:     It drains your maximum health when unequipped.
 U - a +2 pair of boots (worn)
Jewellery
 e - an amulet of magic regeneration
 x - a ring of poison resistance (left hand)
 y - a ring of protection from fire
 A - a ring of protection from cold (right hand)
 B - a +6 ring of intelligence
 P - an amulet of regeneration (around neck)
Talismans
 n - a blade talisman
Wands
 o - a wand of roots (5)
 D - a wand of mindburst (2)
 K - a wand of light (18)
 L - a wand of digging (5)
 M - a wand of polymorph (16)
 N - a wand of flame (43)
 Z - a wand of paralysis (9)
Scrolls
 d - 15 scrolls of teleportation
 h - 3 scrolls of identify
 i - 3 scrolls of enchant armour
 s - 9 scrolls of blinking
 v - 3 scrolls of brand weapon
 z - 5 scrolls of amnesia
 E - a scroll of torment
 G - 4 scrolls of immolation
 I - 3 scrolls of fog
 X - 2 scrolls of silence
Potions
 c - 4 potions of might
 j - 13 potions of curing
 k - 7 potions of enlightenment
 l - 2 potions of attraction
 m - 3 potions of mutation
 p - 3 potions of brilliance
 w - 2 potions of lignification
 F - 2 potions of ambrosia
 H - 4 potions of cancellation
 J - 3 potions of invisibility
 Q - 2 potions of heal wounds
 V - 3 potions of berserk rage
 Y - a potion of magic
Miscellaneous
 W - a box of beasts


   Skills:
 + Level 12.2 Fighting
 + Level 13.9 Short Blades
 + Level 10.3 Long Blades
 + Level 10.3 Axes
 + Level 10.3 Maces & Flails
 + Level 10.3 Polearms
 + Level 10.3 Staves
 + Level 10.3 Ranged Weapons
 + Level 10.3 Throwing
 + Level 12.2 Armour
 + Level 10.3 Dodging
 + Level 10.3 Stealth
 + Level 12.2 Shields
 + Level 11.3 Unarmed Combat
 + Level 10.3 Spellcasting
 + Level 8.7 Conjurations
 + Level 8.7 Hexes
 + Level 8.7 Summonings
 + Level 8.7 Necromancy
 + Level 8.7 Translocations
 + Level 8.7 Transmutations
 + Level 8.7 Fire Magic
 + Level 8.7 Ice Magic
 + Level 8.7 Air Magic
 + Level 8.7 Earth Magic
 + Level 8.7 Poison Magic
 + Level 11.2 Invocations
 + Level 10.3 Evocations
 + Level 9.5 Shapeshifting


You had 24 spell levels left.
You knew the following spells:

 Your Spells              Type           Power      Damage    Failure   Level
a - Passage of Golubria   Tloc           58%        N/A       1%          4
b - Manifold Assault      Tloc           58%        N/A       1%          4
c - Volatile Blastmotes   Fire/Tloc      100%       2d18      1%          3

Your spell library contained the following spells:

 Spells                   Type           Power      Damage    Failure   Level
 Freeze                   Ice            100%       1d10      1%          1
 Magic Dart               Conj           100%       1d8       1%          1
 Call Imp                 Summ           100%       N/A       1%          2
 Lesser Beckoning         Tloc           100%       N/A       1%          2
 Dazzling Flash           Conj/Hex       100%       N/A       1%          3
 Frozen Ramparts          Ice            100%       1d16      1%          3
 Gell's Gravitas          Tloc           58%        N/A       1%          3
 Mephitic Cloud           Conj/Pois/Air  58%        N/A       1%          3
 Ozocubu's Armour         Ice            58%        N/A       1%          3
 Teleport Other           Tloc           58%        N/A       1%          3
 Tukima's Dance           Hex            58%        N/A       1%          3
 Dimensional Bullseye     Hex/Tloc       29%        N/A       1%          4
 Iskenderun's Mystic Bla  Conj/Tloc      58%        2d12      1%          4
 Petrify                  Tmut/Erth      58%        N/A       1%          4
 Freezing Cloud           Conj/Ice/Air   29%        6-21      5%          5
 Metabolic Englaciation   Hex/Ice        29%        N/A       5%          5
 Yara's Violent Unravell  Hex/Tmut       29%        3d12      5%          5
 Dispersal                Tloc           29%        N/A       30%         6
 Simulacrum               Ice/Necr       29%        N/A       30%         6
 Starburst                Conj/Fire      29%        6d9       30%         6
 Malign Gateway           Summ/Tloc      29%        N/A       86%         7
 Disjunction              Tloc           29%        N/A       100%        8
 Maxwell's Capacitive Co  Air            29%        ∞         100%        8
 Summon Horrible Things   Summ           29%        N/A       100%        8


Dungeon Overview and Level Annotations

Branches:
Dungeon (14/15)            Temple (1/1) D:4            Lair (5/5) D:11
  Swamp (0/4) Lair:2       Spider (0/4) Lair:3        Slime (0/5) Lair:5
    Orc (0/2) D:12         Bailey (visited)           IceCv (1/1)
Volcano (visited)         Gauntlet (visited)
 Vaults: D:13-14

Altars:
Ashenzari
Cheibriados
Dithmenos
Elyvilon
Fedhas
Gozag
Hepliaklqana
Kikubaaqudgha
Makhleb
Nemelex Xobeh
Okawaru
Qazlal
Ru
Sif Muna
Trog
Uskayaw
Vehumet
Wu Jian
Xom
Yredelemnul
Zin
The Shining One

Shops:
D:2 [   D:5 [   D:6 *   D:9 [   D:12 ?[:*[

Annotations:
D:7 3 runed translucent doors, kae's ghost, novice DsEn
D:9 3 runed translucent doors, MrCrawl's ghost, novice DrFE


Innate Abilities, Weirdness & Mutations

You have very sharp teeth.
Your uncanny sense of smell can sniff out nearby items.
Your experience applies equally to all skills.


Message History

You slice the reaper!! You burn the reaper!
The reaper is heavily wounded.
The reaper completely misses you. The reaper misses you.
You closely miss the reaper. You bite the reaper, but do no damage.
The reaper is severely wounded.
The reaper completely misses you.
The reaper draws a finger across its throat.
The reaper barely misses you.
The reaper hits you from afar with a +0 scythe of freezing!!
The reaper freezes you.
You slash the reaper! You burn the reaper.
The reaper is almost dead.
The reaper hits you but does no damage. The reaper barely misses you.
The reaper hits you from afar with a +0 scythe of freezing!!
The reaper freezes you.
You closely miss the reaper.
The reaper is almost dead.
The reaper completely misses you. The reaper hits you but does no damage.
The reaper hits you from afar with a +0 scythe of freezing!!
The reaper freezes you.
You are too injured to fight recklessly!
You hit the reaper but do no damage.
The reaper is almost dead.
You block the reaper's attack. x2; The reaper completely misses you.
As you read the scroll of teleportation, it crumbles to dust.
You feel strangely unstable. The reaper hits you but does no damage.
The reaper shouts, "Die, inmateoo!"
The reaper misses you.
The reaper hits you from afar with a +0 scythe of freezing!!
* * * LOW HITPOINT WARNING * * *
The reaper freezes you.
* * * LOW HITPOINT WARNING * * *
Okay, then.
Activating: Slouch (1% risk of failure)
Press: ? - help, Dir - look around, f - activate You can feel time thicken for a moment.
You kill the reaper!
Cheibriados appreciates the change of pace.
The reaper hits you with a +2 scythe of freezing!!
You die...

### ####⌠####
#.......#
#.##'##.#
#.#!@(#.#
#.#)⌠2#.#
##.#)2:#.##
####8.#####.8####
#...............#
#+######'######'#
#.#.'.......'.#.#
#.###.8...8.###.#
#.#.'.......'.#.#


You could see 2 reapers.

Vanquished Creatures
  A quicksilver ooze (Gauntlet)
  A very ugly thing (D:14)
  A reaper (IceCv)
  A minotaur (Gauntlet)
  Snorg (Lair:4)
  A dire elephant (Lair:5)
  A fire dragon (D:9)
  4 hydras
  2 caustic shrike simulacra (IceCv)
  2 centaur warriors
  2 catoblepae
  2 boulder beetles
  6 two-headed ogres
  A deep troll shaman (Lair:5)
  4 death yaks (Lair:5)
  Urug (D:12)
  A hell knight (Volcano)
  A sun demon (Volcano)
  4 skeletal warriors (D:12)
  2 obsidian statues (IceCv)
  A spriggan simulacrum (IceCv)
  3 bog bodies (IceCv)
  A deep elf pyromancer (D:12)
  An orc knight (D:12)
  15 ugly things
  A cyclops (D:12)
  3 manticores
  4 elephants
  A black mamba (Lair:3)
  4 molten gargoyles
  3 gargoyles
  13 cane toads
  2 rime drakes
  3 unseen horrors
  4 freezing wraiths
  2 tengu conjurers (D:13)
  6 komodo dragons
  A golden dragon simulacrum (IceCv)
  An ice devil (IceCv)
  The ghost of senseless the Shooter, an amateur MiHu of the Shining One (D:5)
  A queen bee (shapeshifter) (D:14)
  6 trolls
  A hornet (D:9)
  3 polar bears
  A tyrant leech (Lair:2)
  9 blink frogs
  4 slime creatures (D:12)
  44 yaks
  4 wyverns
  A shadow (D:11)
  2 fire bats (Volcano)
  A minotaur simulacrum (IceCv)
  4 vampire mosquitoes (D:11)
  Grum (D:11)
  6 basilisks
  A wyvern (shapeshifter) (D:13)
  8 hydra simulacra (IceCv)
  5 hell hounds
  2 swamp worms (Lair:2)
  6 water moccasins
  12 orc warriors
  An ice beast (D:6)
  2 black bears
  An ogre (D:5)
  2 ettin simulacra (IceCv)
  18 wolves
  7 centaurs
  5 kobold brigands
  10 bullfrogs
  4 gnoll sergeants
  10 scorpions
  A deep troll simulacrum (IceCv)
  10 wights
  19 killer bees
  2 howler monkeys
  An electric eel (D:11)
  6 lava snakes (Volcano)
  4 hounds
  16 jellies
  A gnoll bouda (D:5)
  6 orc priests
  2 iguanas
  9 orc wizards
  Robin (D:3)
  10 gnolls
  5 adders
  A shadow imp (D:7)
  A white imp (D:6)
  An ufetubus (D:6)
  2 worms
  4 dart slugs
  43 orcs
  7 bats
  7 endoplasms
  5 giant cockroaches
  19 goblins
  11 hobgoblins
  2 quokkas
  6 ball pythons
  3 frilled lizards (D:1)
  13 kobolds
  3 rats
512 creatures vanquished.

Notes
Turn   | Place    | Note
-------+----------+-------------------------------------------
     0 | D:1      | inmateoo the Gnoll Fighter began the quest for the Orb.
     0 | D:1      | Reached XP level 1. HP: 23/23 MP: 1/1
   157 | D:1      | Reached XP level 2. HP: 29/29 MP: 2/2
   595 | D:1      | Reached XP level 3. HP: 32/35 MP: 3/3
   912 | D:2      | Found Joaruxeg's Armour Boutique.
  1001 | D:2      | Reached skill level 1 in Invocations
  1124 | D:2      | Found an opulent altar of Gozag.
  1486 | D:3      | Reached skill level 1 in Short Blades
  1486 | D:3      | Reached skill level 1 in Long Blades
  1486 | D:3      | Reached skill level 1 in Axes
  1486 | D:3      | Reached skill level 1 in Maces & Flails
  1486 | D:3      | Reached skill level 1 in Polearms
  1486 | D:3      | Reached skill level 1 in Staves
  1486 | D:3      | Reached skill level 1 in Ranged Weapons
  1486 | D:3      | Reached skill level 1 in Throwing
  1486 | D:3      | Reached skill level 1 in Dodging
  1486 | D:3      | Reached skill level 1 in Stealth
  1486 | D:3      | Reached skill level 1 in Spellcasting
  1486 | D:3      | Reached skill level 1 in Evocations
  1537 | D:3      | Noticed Robin
  1608 | D:3      | Reached XP level 4. HP: 41/41 MP: 5/5
  1614 | D:3      | Reached skill level 1 in Shapeshifting
  1670 | D:3      | Killed Robin
  1685 | D:3      | Reached skill level 1 in Conjurations
  1685 | D:3      | Reached skill level 1 in Hexes
  1685 | D:3      | Reached skill level 1 in Summonings
  1685 | D:3      | Reached skill level 1 in Necromancy
  1685 | D:3      | Reached skill level 1 in Translocations
  1685 | D:3      | Reached skill level 1 in Transmutations
  1685 | D:3      | Reached skill level 1 in Fire Magic
  1685 | D:3      | Reached skill level 1 in Ice Magic
  1685 | D:3      | Reached skill level 1 in Air Magic
  1685 | D:3      | Reached skill level 1 in Earth Magic
  1685 | D:3      | Reached skill level 1 in Poison Magic
  2004 | D:3      | Reached XP level 5. HP: 24/47 MP: 5/7
  2505 | D:4      | Found a staircase to the Ecumenical Temple.
  2524 | Temple   | Entered the Ecumenical Temple
  2554 | Temple   | Became a worshipper of Cheibriados the Contemplative
  2768 | D:4      | Found an ancient bone altar of Kikubaaqudgha.
  2888 | D:4      | Reached XP level 6. HP: 47/53 MP: 8/8
  3323 | D:5      | Entered Level 5 of the Dungeon
  3341 | D:5      | Reached skill level 5 in Unarmed Combat
  3374 | D:5      | Reached skill level 2 in Short Blades
  3394 | D:5      | Found a transporter.
  3396 | D:5      | Found a transporter.
  3426 | D:5      | Found a sparkling altar of Nemelex Xobeh.
  3432 | D:5      | Found an iron altar of Okawaru.
  3444 | D:5      | Found a shadowy altar of Dithmenos.
  3445 | D:5      | Found a blossoming altar of Fedhas.
  3447 | D:5      | Found a glowing golden altar of the Shining One.
  3448 | D:5      | Found a hide-covered altar of Uskayaw.
  3459 | D:5      | You fall into a shaft and drop 2 floors!
  3505 | D:6      | Noticed a black bear
  3530 | D:7      | Killed a black bear
  3531 | D:7      | Reached XP level 7. HP: 40/60 MP: 10/10
  3618 | D:6      | Reached * piety under Cheibriados
  3969 | D:5      | Found a burning altar of Makhleb.
  4071 | D:5      | Found Vethrir's Armour Shop.
  4139 | D:5      | Noticed senseless's ghost (amateur MiHu)
  4147 | D:5      | Identified the +7 scale mail of the Devil's Advocate
                  | {Dex+3}
  4149 | D:5      | Identified the ring of Ropniwke {rPois rC- Dex+6 Stlth+}
  4150 | D:5      | Identified the +1 long sword of Immorality {flame, Dex+2}
  4358 | D:5      | Reached XP level 8. HP: 58/67 MP: 12/12
  4360 | D:5      | Reached skill level 3 in Short Blades
  4387 | D:5      | Killed senseless's ghost
  4740 | D:6      | Reached skill level 4 in Short Blades
  4772 | D:6      | Reached ** piety under Cheibriados
  5133 | D:6      | Reached XP level 9. HP: 73/73 MP: 14/14
  5166 | D:6      | Found Batu Ufy's Assorted Antiques.
  5172 | D:6      | Bought 3 scrolls labelled LOFAAPPORRO for 93 gold pieces
  5172 | D:6      | Bought a brown potion for 27 gold pieces
  5172 | D:6      | Bought a fuming amethyst potion for 27 gold pieces
  5327 | D:7      | Found a runed translucent gate.
  5327 | D:7      | Found a runed translucent gate.
  5526 | D:7      | Found a runed translucent gate.
  5529 | D:7      | Noticed kae's ghost (novice DsEn)
  5587 | D:7      | Reached skill level 5 in Short Blades
  5616 | D:7      | Found a sacrificial altar of Ru.
  5966 | D:8      | Found a glowing silver altar of Zin.
  5989 | D:8      | Reached *** piety under Cheibriados
  6105 | D:7      | Reached skill level 5 in Invocations
  6556 | D:8      | Noticed a six-headed hydra
  6568 | D:8      | Killed a one-headed hydra
  6569 | D:8      | Reached skill level 6 in Short Blades
  6569 | D:8      | Reached skill level 5 in Long Blades
  6569 | D:8      | Reached skill level 5 in Axes
  6569 | D:8      | Reached skill level 5 in Maces & Flails
  6569 | D:8      | Reached skill level 5 in Polearms
  6569 | D:8      | Reached skill level 5 in Staves
  6569 | D:8      | Reached skill level 5 in Ranged Weapons
  6569 | D:8      | Reached skill level 5 in Throwing
  6569 | D:8      | Reached skill level 5 in Dodging
  6569 | D:8      | Reached skill level 5 in Stealth
  6569 | D:8      | Reached skill level 5 in Spellcasting
  6569 | D:8      | Reached skill level 5 in Evocations
  6569 | D:8      | Reached XP level 10. HP: 53/82 MP: 17/17
  7356 | D:9      | Found a runed translucent gate.
  7356 | D:9      | Found a runed translucent gate.
  7356 | D:9      | Found a runed translucent gate.
  7373 | D:9      | Reached **** piety under Cheibriados
  7554 | D:9      | Found Plog's Armour Emporium.
  7596 | D:9      | Noticed a two-headed ogre
  7603 | D:9      | Killed a two-headed ogre
  7604 | D:9      | Reached skill level 7 in Short Blades
  7604 | D:9      | Reached skill level 5 in Shapeshifting
  7823 | D:9      | Noticed a two-headed ogre
  7829 | D:9      | Killed a two-headed ogre
  7895 | D:9      | Noticed MrCrawl's ghost (novice DrFE)
  7941 | D:9      | Noticed a fire dragon
  7941 | D:9      | Noticed a centaur warrior
  7941 | D:9      | Noticed a manticore
  7963 | D:9      | Killed a centaur warrior
  7964 | D:9      | Reached skill level 5 in Conjurations
  7964 | D:9      | Reached skill level 5 in Hexes
  7964 | D:9      | Reached skill level 5 in Summonings
  7964 | D:9      | Reached skill level 5 in Necromancy
  7964 | D:9      | Reached skill level 5 in Translocations
  7964 | D:9      | Reached skill level 5 in Transmutations
  7964 | D:9      | Reached skill level 5 in Fire Magic
  7964 | D:9      | Reached skill level 5 in Ice Magic
  7964 | D:9      | Reached skill level 5 in Air Magic
  7964 | D:9      | Reached skill level 5 in Earth Magic
  7964 | D:9      | Reached skill level 5 in Poison Magic
  7964 | D:9      | Reached XP level 11. HP: 89/89 MP: 18/20
  7972 | D:9      | Killed a fire dragon
  7973 | D:9      | Reached skill level 8 in Short Blades
  7979 | D:9      | Killed a manticore
  8350 | D:10     | Entered Level 10 of the Dungeon
  8412 | D:10     | Found a flagged portal.
  8429 | Bailey   | Entered a bailey
  8586 | Bailey   | Found a burning altar of Makhleb.
  8841 | D:10     | Reached ***** piety under Cheibriados
  8905 | D:10     | Noticed a two-headed ogre
  8914 | D:10     | Killed a two-headed ogre
  8942 | D:10     | Noticed a two-headed ogre
  8955 | D:10     | Killed a two-headed ogre
  9435 | D:11     | Identified the +4 war axe of Accord {vamp, rF+}
  9709 | D:11     | Reached skill level 9 in Short Blades
  9969 | D:11     | Noticed a purple ugly thing
  9983 | D:11     | Noticed Grum
  9994 | D:11     | Killed a purple ugly thing
  9995 | D:11     | Reached XP level 12. HP: 79/97 MP: 22/22
 10013 | D:11     | Killed Grum
 10136 | D:11     | Found a staircase to the Lair.
 10515 | Lair:1   | Entered Level 1 of the Lair of Beasts
 10640 | Lair:1   | Reached skill level 10 in Fighting
 10640 | Lair:1   | Reached skill level 10 in Short Blades
 10640 | Lair:1   | Reached skill level 10 in Armour
 10640 | Lair:1   | Reached skill level 10 in Shields
 11004 | Lair:1   | Reached ****** piety under Cheibriados
 11511 | Lair:2   | Learned a level 4 spell: Passage of Golubria
 11516 | Lair:2   | Learned a level 4 spell: Manifold Assault
 11554 | Lair:2   | Found a staircase to the Swamp.
 11678 | Lair:2   | Reached XP level 13. HP: 103/104 MP: 24/24
 12129 | Lair:3   | Found a hole to the Spider Nest.
 12160 | Lair:3   | You fall into a shaft and drop 1 floor!
 12241 | Lair:3   | Reached skill level 11 in Short Blades
 13344 | Lair:4   | Noticed Snorg
 13360 | Lair:4   | Killed Snorg
 13822 | Lair:5   | Entered Level 5 of the Lair of Beasts
 13859 | Lair:5   | Found a staircase to the Slime Pits.
 14102 | Lair:5   | Found a dark tunnel.
 14114 | Volcano  | Entered a volcano
 14514 | Volcano  | Found a burning altar of Makhleb.
 14840 | Lair:5   | Reached skill level 10 in Unarmed Combat
 14967 | Lair:5   | Reached skill level 12 in Short Blades
 15011 | Lair:5   | Reached XP level 14. HP: 112/113 MP: 25/27
 15048 | Lair:5   | Noticed a dire elephant
 15075 | Lair:5   | Killed a dire elephant
 15076 | Lair:5   | Reached skill level 10 in Invocations
 15084 | Lair:5   | Got the Cyclopedia of Relocated Ice
 15894 | D:12     | Found Fudyohidi's Magic Scroll Shoppe.
 15904 | D:12     | Bought a scroll of teleportation for 51 gold pieces
 15904 | D:12     | Bought a scroll of teleportation for 51 gold pieces
 15904 | D:12     | Bought a scroll of blinking for 127 gold pieces
 15904 | D:12     | Bought a scroll of identify for 34 gold pieces
 15904 | D:12     | Bought a scroll of poison for 68 gold pieces
 15907 | D:12     | Reached XP level 15. HP: 119/119 MP: 28/28
 15912 | D:12     | Learned a level 3 spell: Volatile Blastmotes
 15934 | D:12     | Found Xoufig's Book Emporium.
 16082 | D:12     | Noticed Urug
 16098 | D:12     | Killed Urug
 16330 | D:12     | Found Pazucwon's Armour Shoppe.
 16340 | D:12     | Found Ylequest's General Store.
 16350 | D:12     | Bought a scroll of teleportation for 36 gold pieces
 16350 | D:12     | Bought a scroll of identify for 24 gold pieces
 16357 | D:12     | Reached skill level 13 in Short Blades
 16525 | D:12     | Found a staircase to the Orcish Mines.
 16765 | D:12     | Found Hegunul's Armour Emporium.
 16928 | D:13     | Found a gate leading to a gauntlet.
 16937 | Gauntlet | Entered a Gauntlet
 16937 | Gauntlet | Found a transporter.
 16946 | Gauntlet | Found a transporter.
 16947 | Gauntlet | Found a transporter.
 16951 | Gauntlet | Found a transporter.
 16952 | Gauntlet | Found a transporter.
 16953 | Gauntlet | Found a transporter.
 16960 | Gauntlet | Found a transporter.
 16961 | Gauntlet | Found a transporter.
 16977 | Gauntlet | Found a large runed translucent door.
 16978 | Gauntlet | Found a large runed translucent door.
 16979 | Gauntlet | Found a large runed translucent door.
 16980 | Gauntlet | Found a runed translucent gate.
 16981 | Gauntlet | Found a transporter.
 16981 | Gauntlet | Found a runed translucent gate.
 16982 | Gauntlet | Found a runed translucent gate.
 16982 | Gauntlet | Found a large runed translucent door.
 16983 | Gauntlet | Found a large runed translucent door.
 16983 | Gauntlet | Found a large runed translucent door.
 16984 | Gauntlet | Found a large runed translucent door.
 16985 | Gauntlet | Found a large runed translucent door.
 16994 | Gauntlet | Found a large runed translucent door.
 16994 | Gauntlet | Found a large runed translucent door.
 16994 | Gauntlet | Found a runed translucent door.
 16994 | Gauntlet | Found a runed translucent door.
 16995 | Gauntlet | Found a large runed translucent door.
 16996 | Gauntlet | Found a large runed translucent door.
 16998 | Gauntlet | Found a transporter.
 17002 | Gauntlet | Found a transporter.
 17004 | Gauntlet | Found a runed translucent door.
 17005 | Gauntlet | Found a large runed translucent door.
 17005 | Gauntlet | Found a large runed translucent door.
 17006 | Gauntlet | Found a runed translucent door.
 17010 | Gauntlet | Found a transporter.
 17034 | Gauntlet | Found a large runed translucent door.
 17034 | Gauntlet | Found a large runed translucent door.
 17168 | Gauntlet | Identified the +0 cloak "Seishef" {Drain rF++ Dex+4}
 17565 | D:13     | Reached skill level 10 in Long Blades
 17565 | D:13     | Reached skill level 10 in Axes
 17565 | D:13     | Reached skill level 10 in Maces & Flails
 17565 | D:13     | Reached skill level 10 in Polearms
 17565 | D:13     | Reached skill level 10 in Staves
 17565 | D:13     | Reached skill level 10 in Ranged Weapons
 17565 | D:13     | Reached skill level 10 in Throwing
 17565 | D:13     | Reached skill level 10 in Dodging
 17565 | D:13     | Reached skill level 10 in Stealth
 17565 | D:13     | Reached skill level 10 in Spellcasting
 17565 | D:13     | Reached skill level 10 in Evocations
 17963 | D:14     | Found a frozen archway.
 17988 | IceCv    | Entered an ice cave
 18240 | IceCv    | Reached XP level 16. HP: 75/127 MP: 30/30
 18439 | IceCv    | Mangled by a reaper

Illustrated notes

Levels and vault maps discovered:
D:1:      minmay_arrival_shattered_statue, layout_loops_corners
D:2:      layout_basic, basic_altar, serial_forest,
          infiniplex_forest_lined_room_2, infiniplex_forest_lined_3_way,
          infiniplex_forest_clump_long, infiniplex_forest_clump_double,
          infiniplex_forest_end_1, infiniplex_forest_lined_3,
          infiniplex_forest_end_1, infiniplex_forest_end_1, serial_shops, shop,
          minmay_misc_feat_plants, minmay_goblin_kobold_house
D:3:      layout_basic, serial_park_tiny_pond, uniq_robin
D:4:      layout_basic, kiku_gazebo_pond_becter,
          minmay_temple_entry_gardened_gates
D:5:      layout_cave_pools, old_standard_altar, minitemple,
          gammafunk_ghost_gnarly_gnolls, serial_shops, kennysheep_little_box,
          minivault_26
D:6:      layout_loops_ring, serial_shops, nicolae_shop_pleasant_corner_grove,
          minmay_starry_boxes
D:7:      layout_cave_pools, mainiacjoe_overflow_small_starburst,
          ebering_ghost_rock_garden, item_on_display_a
D:8:      layout_basic, mainiacjoe_overflow_cross_hatched, corexii_corridor_pit,
          hangedman_abyss_or_decor_passed, skrybe_limestone_x,
          minmay_fractal_squares_5
D:9:      layout_gridville, gammafunk_ghost_icy, serial_shops,
          nicolae_shop_tiny_real_fake_doors, minivault_25_ag
D:10:     layout_stronghold, lightli_bailey_entry_fortress
D:11:     layout_gridville, grunt_lair_entry_orc_guard_hut, serial_rivers,
          chequers_serial_rivers_small_a, chequers_serial_rivers_micro_a,
          chequers_serial_rivers_marsh, chequers_serial_rivers_small_b,
          chequers_serial_rivers_room_a, kennysheep_minor_cross, uniq_grum
D:12:     layout_small_grid, david_orc_4, serial_shops, shop,
          nicolae_shop_pleasant_corner_grove, nicolae_shop_crystal,
          nicolae_stop_n_shop_1, shop, minmay_shattered_shrine, uniq_urug
D:13:     layout_roguey, gauntlet_entry_generic
D:14:     layout_irregular_city, david_vaults_5, enter_trove_6,
          portal_ice_cave_entry_ugly_swarm, uniq_roxanne, uniq_frances
Temple:   nicolae_temple_hex_pool
Lair:1:   layout_gridlike, serial_bayou_shore_a, infiniplex_staircase_pool_2
Lair:2:   layout_misc_corridors, minmay_swamp_entry_worms,
          chequers_serial_rivers_micro_c
Lair:3:   layout_chaotic_city, nicolae_spider_entry_non_spiders
Lair:4:   layout_cave_pods, uniq_snorg
Lair:5:   grunt_lair_end_beastmaster, layout_regular_city,
          minmay_slime_entry_jelly_boxes, enter_volcano_3
IceCv:    ice_cave_tombish

Skill      XL: |  1  2  3  4  5  6  7  8  9 10 11 12 13 14 15 |
---------------+----------------------------------------------+-----
Invocations    | 1 2 3 4 5 6 7 8 9 10 11 | 11.2
Short Blades   | 1 2 4 6 7 9 10 12 13 | 13.9
Long Blades    | 1 2 3 5 6 7 9 10 | 10.3
Axes           | 1 2 3 5 6 7 9 10 | 10.3
Maces & Flails | 1 2 3 5 6 7 9 10 | 10.3
Polearms       | 1 2 3 5 6 7 9 10 | 10.3
Staves         | 1 2 3 5 6 7 9 10 | 10.3
Ranged Weapons | 1 2 3 5 6 7 9 10 | 10.3
Throwing       | 1 2 3 5 6 7 9 10 | 10.3
Dodging        | 1 2 3 5 6 7 9 10 | 10.3
Stealth        | 1 2 3 5 6 7 9 10 | 10.3
Spellcasting   | 1 2 3 5 6 7 9 10 | 10.3
Evocations     | 1 2 3 5 6 7 9 10 | 10.3
Shapeshifting  | 1 2 3 4 5 6 7 8 9 |  9.5
Conjurations   | 1 2 3 4 5 6 7 8 |  8.7
Hexes          | 1 2 3 4 5 6 7 8 |  8.7
Summonings     | 1 2 3 4 5 6 7 8 |  8.7
Necromancy     | 1 2 3 4 5 6 7 8 |  8.7
Translocations | 1 2 3 4 5 6 7 8 |  8.7
Transmutations | 1 2 3 4 5 6 7 8 |  8.7
Fire Magic     | 1 2 3 4 5 6 7 8 |  8.7
Ice Magic      | 1 2 3 4 5 6 7 8 |  8.7
Air Magic      | 1 2 3 4 5 6 7 8 |  8.7
Earth Magic    | 1 2 3 4 5 6 7 8 |  8.7
Poison Magic   | 1 2 3 4 5 6 7 8 |  8.7
Unarmed Combat | 5 6 7 8 9 10 11 | 11.3
Fighting       | 7 8 9 10 11 12 | 12.2
Armour         | 7 8 9 10 11 12 | 12.2
Shields        | 7 8 9 10 11 12 | 12.2

Action                     |  1- 3 |  4- 6 |  7- 9 | 10-12 | 13-15 | 16-18 || total
---------------------------+-------+-------+-------+-------+-------+-------++-------
  Melee: Hand axe          |   119 |    16 |       |       |       |       ||   135
         Bite              |    10 |    20 |    43 |    61 |   103 |     3 ||   240
         Dagger            |       |   157 |   202 |       |       |       ||   359
         Long sword        |       |       |   117 |    59 |       |       ||   176
         Scimitar          |       |       |       |   503 |   706 |    34 ||  1243
  Throw: Dart              |       |     2 |       |     9 |     4 |       ||    15
         Javelin           |       |       |       |     3 |       |       ||     3
   Cast: Manifold Assault  |       |       |       |     2 |     6 |       ||     8
 Invoke: Slouch            |       |       |       |       |       |     1 ||     1
  Evoke: Wand              |       |       |    24 |    17 |       |       ||    41
    Use: Scroll            |     6 |     6 |     4 |    10 |    11 |     1 ||    38
         Potion            |       |       |       |       |     1 |       ||     1
   Stab: Distracted        |       |     1 |     3 |     2 |     3 |     1 ||    10
         Sleeping          |       |       |     4 |     4 |    15 |     7 ||    30
         Invisible         |       |       |     1 |       |       |       ||     1
 Armour: Scale mail        |    81 |   114 |   282 |   440 |   376 |    25 ||  1318
  Dodge: Dodged            |    44 |    70 |   258 |   514 |   512 |    34 ||  1432
  Block: Buckler           |    26 |    59 |   153 |   339 |   343 |    14 ||   934
         Reflection        |       |       |       |     7 |     6 |       ||    13

Table legend: (Time is in decaauts)
 A = Elapsed time spent in this place.
 B = Non-inter-level travel time spent in this place.
 C = Inter-level travel time spent in this place.
 D = Time resting spent in this place.
 E = Time spent auto-exploring this place.
 F = Levels seen in this place.
 G = Mean time per level.
                   A        B        C        D        E       F      G
               +--------+--------+--------+--------+--------+-----+--------+
         Total |  28127 |  26240 |   1887 |   1850 |  18066 |  24 | 1172.0 |
       Dungeon |  17208 |  15844 |   1364 |   1533 |  10944 |  14 | 1229.1 |
        Temple |     68 |      5 |     63 |      0 |      0 |   1 |   68.0 |
          Lair |   8326 |   7868 |    458 |     38 |   6381 |   5 | 1665.2 |
        Bailey |    387 |    387 |      0 |     48 |     86 |   1 |  387.0 |
      Ice Cave |    607 |    607 |      0 |    179 |      8 |   1 |  607.0 |
       Volcano |    963 |    963 |      0 |     20 |    367 |   1 |  963.0 |
      Gauntlet |    566 |    566 |      0 |     31 |    278 |   1 |  566.0 |
               +--------+--------+--------+--------+--------+-----+--------+

Top non-repeatable levels by time:
  Lair:4: 2084 daAuts
  Lair:5: 1922 daAuts
    D:11: 1902 daAuts
     D:8: 1834 daAuts
  Lair:1: 1668 daAuts
    D:12: 1664 daAuts
     D:9: 1614 daAuts
    D:10: 1455 daAuts
  Lair:3: 1427 daAuts
     D:5: 1376 daAuts
     D:7: 1291 daAuts
  Lair:2: 1223 daAuts
     D:6: 1127 daAuts
     D:4: 1115 daAuts
    D:13: 996 daAuts
